 Dungeon Crawl Stone Soup version 0.28.0-43-g3370ac3207 (webtiles) character file.

Game seed: 11792457764049174735

67 Ablot the Grasshopper (level 4, 0/38 HPs)
             Began as a Gnoll Warper on Mar 14, 2022.
             Slain by a gnoll
             ... wielding a +0 whip
              (7 damage)
             ... on level 1 of the Dungeon.
             The game lasted 00:01:53 (2060 turns).

Ablot the Grasshopper (Gnoll Warper)                Turns: 2060, Time: 00:01:53

Health: 0/38       AC:  3    Str: 13    XL:     4   Next: 16%
Magic:  11/11      EV: 12    Int: 12    God:
Gold:   65         SH:  0    Dex: 11    Spells: 11/13 levels left

rFire   . . .      SeeInvis +   a - +0 spear
rCold   . . .      Faith    .   (no shield)
rNeg    . . .      Spirit   .   b - +0 leather armour
rPois   .          Reflect  .   (no helmet)
rElec   .          Harm     .   (no cloak)
rCorr   .          Rampage  .   (no gloves)
Will    .....                   (no boots)
Stlth   +.........              (no amulet)
HPRegen 0.12/turn               k - ring of see invisible
MPRegen 0.12/turn               (no ring)

@: no status effects
A: fangs 1, strong nose, distributed training
a: no special abilities


You were on level 1 of the Dungeon.
You visited 1 branch of the dungeon, and saw 2 of its levels.

You collected 65 gold pieces.

Inventory:

Hand Weapons
 a - a +0 spear (weapon)
Missiles
 d - 5 boomerangs of dispersal
 e - 57 stones (quivered)
 l - 20 arrows
 n - 5 atropa-tipped darts
Armour
 b - a +0 leather armour (worn)
Jewellery
 i - a ring of flight
 k - a ring of see invisible (left hand)
Scrolls
 c - a scroll of blinking
 f - a scroll of holy word {unknown}
 g - 3 scrolls of identify {unknown}
 m - 2 scrolls of magic mapping {unknown}
 o - a scroll of teleportation {unknown}
Potions
 h - a potion of magic {unknown}
 j - a potion of flight {unknown}


   Skills:
 + Level 4.6 Fighting
 + Level 1.0 Short Blades
 + Level 1.0 Long Blades
 + Level 1.0 Axes
 + Level 1.0 Maces & Flails
 + Level 4.6 Polearms
 + Level 1.0 Staves
 + Level 1.0 Slings
 + Level 1.0 Bows
 + Level 1.0 Crossbows
 + Level 2.7 Throwing
 + Level 2.7 Armour
 + Level 4.6 Dodging
 + Level 1.0 Stealth
 + Level 1.0 Shields
 + Level 1.0 Unarmed Combat
 + Level 5.0 Spellcasting
 + Level 0.8 Conjurations
 + Level 0.8 Hexes
 + Level 0.8 Summonings
 + Level 0.8 Necromancy
 + Level 5.4 Translocations
 + Level 0.8 Transmutations
 + Level 0.8 Fire Magic
 + Level 0.8 Ice Magic
 + Level 0.8 Air Magic
 + Level 0.8 Earth Magic
 + Level 0.8 Poison Magic
 + Level 1.1 Invocations
 + Level 1.0 Evocations


You had 11 spell levels left.
You knew the following spells:

 Your Spells              Type           Power      Damage    Failure   Level
a - Blink                 Tloc           32%        N/A       4%          2

Your spell library contained the following spells:

 Spells                   Type           Power      Damage    Failure   Level
 Gell's Gravitas          Tloc           16%        N/A       9%          3
 Lesser Beckoning         Tloc           16%        N/A       9%          3
 Teleport Other           Tloc           16%        N/A       9%          3
 Manifold Assault         Tloc           16%        N/A       58%         5


Dungeon Overview and Level Annotations

Branches:
Dungeon (2/15)

Altars:


Innate Abilities, Weirdness & Mutations

You have very sharp teeth.
Your uncanny sense of smell can sniff out nearby items.
Your experience applies equally to all skills.


Message History

There is a stone staircase leading up here.
Casting: Blink (safe; 4% risk of failure)
Confirm with . or Enter, or press ? or * to list all spells.
Okay, then.
The gnoll barely misses you.
You climb upwards.
There is a stone staircase leading down here.
You hit the gnoll but do no damage.
The gnoll is lightly wounded.
The gnoll closely misses you.
You hit the gnoll.
The gnoll is heavily wounded.
The gnoll hits you with a +0 flail.
You hit the gnoll. You bite the gnoll, but do no damage.
The gnoll is severely wounded.
You hit the gnoll. Your bite misses the gnoll.
The gnoll is almost dead.
The gnoll hits you with a +0 flail.
You hit the gnoll.
You kill the gnoll!
Things that are here:
a +0 flail; a gnoll corpse You start resting.
HP restored.
There is a stone staircase leading down, spattered with blood here.
You climb downwards.
The gnoll hits you from afar with a +0 halberd!
There is a stone staircase leading up here.
Unknown command.
The gnoll hits you from afar with a +0 halberd!
* * * LOW HITPOINT WARNING * * *
There is a stone staircase leading up, spattered with blood here.
The gnoll barely misses you. The gnoll completely misses you.
The gnoll hits you with a +0 club.
* * * LOW HITPOINT WARNING * * *
You climb upwards.
There is a stone staircase leading down, spattered with blood here.
Unknown command.
The gnoll hits you with a +0 whip!
You die...

#...............♣♣
#.####.###.###...♣
#.# #.# #.# #....
#.####.###.# #.#..
#.......##.###...#
#.####............
#g# #####.####..#
#g# #.# #... #@#
#.# #..# #.######
#.####... #......#
#.......# ######.#
######.## #.# #.#.
#.# #... ###.###
###. #.....# #†
#.....########.


You could see 2 gnolls.

Vanquished Creatures
  3 gnolls (D:1)
  An adder (D:2)
  A worm (D:2)
  2 dart slugs (D:1)
  2 bats (D:2)
  An endoplasm (D:1)
  3 giant cockroaches
  2 goblins (D:1)
  A hobgoblin (D:2)
  2 quokkas (D:1)
  A ball python (D:2)
  2 frilled lizards
  4 rats
25 creatures vanquished.

Notes
Turn   | Place    | Note
-------+----------+-------------------------------------------
     0 | D:1      | Ablot the Gnoll Warper began the quest for the Orb.
     0 | D:1      | Reached XP level 1. HP: 20/20 MP: 6/6
   309 | D:1      | Reached XP level 2. HP: 21/26 MP: 7/7
   317 | D:1      | Learned a level 2 spell: Blink
   921 | D:2      | Reached XP level 3. HP: 7/31 MP: 9/9
   930 | D:1      | Reached skill level 5 in Spellcasting
  1330 | D:1      | Reached skill level 1 in Invocations
  1542 | D:1      | Reached skill level 1 in Short Blades
  1542 | D:1      | Reached skill level 1 in Long Blades
  1542 | D:1      | Reached skill level 1 in Axes
  1542 | D:1      | Reached skill level 1 in Maces & Flails
  1542 | D:1      | Reached skill level 1 in Staves
  1542 | D:1      | Reached skill level 1 in Slings
  1542 | D:1      | Reached skill level 1 in Bows
  1542 | D:1      | Reached skill level 1 in Crossbows
  1542 | D:1      | Reached skill level 1 in Stealth
  1542 | D:1      | Reached skill level 1 in Shields
  1542 | D:1      | Reached skill level 1 in Unarmed Combat
  1542 | D:1      | Reached skill level 1 in Evocations
  1685 | D:2      | Reached XP level 4. HP: 8/38 MP: 11/11
  2060 | D:1      | Slain by a gnoll

Illustrated notes

Levels and vault maps discovered:
D:1:      minmay_arrival_shattered_statue, layout_loops_ring,
          chequers_serial_rivers_micro_c, corner_web_ring, chequers_mini_garden
D:2:      layout_rooms, minmay_pentomino_x4

Skill      XL: |  1  2  3 |
---------------+----------+-----
Spellcasting   | 5 |  5.0
Invocations    | 1 |  1.1
Short Blades   | 1 |  1.0
Long Blades    | 1 |  1.0
Axes           | 1 |  1.0
Maces & Flails | 1 |  1.0
Staves         | 1 |  1.0
Slings         | 1 |  1.0
Bows           | 1 |  1.0
Crossbows      | 1 |  1.0
Stealth        | 1 |  1.0
Shields        | 1 |  1.0
Unarmed Combat | 1 |  1.0
Evocations     | 1 |  1.0
Fighting       | |  4.6
Polearms       | |  4.6
Throwing       | |  2.7
Armour         | |  2.7
Dodging        | |  4.6
Conjurations   | |  0.8
Hexes          | |  0.8
Summonings     | |  0.8
Necromancy     | |  0.8
Translocations | |  5.4
Transmutations | |  0.8
Fire Magic     | |  0.8
Ice Magic      | |  0.8
Air Magic      | |  0.8
Earth Magic    | |  0.8
Poison Magic   | |  0.8

Action                   |  1- 3 |  4- 6 || total
-------------------------+-------+-------++-------
Melee: Spear             |   102 |     5 ||   107
       Bite              |    10 |     1 ||    11
       Punch             |     1 |       ||     1
Throw: Stone             |       |     4 ||     4
 Stab: Sleeping          |     1 |       ||     1
Armor: Leather armour    |    15 |       ||    15
Dodge: Dodged            |    50 |     6 ||    56
